 Dungeon Crawl Stone Soup version 0.29.1-13-g9f3cf754e1 (webtiles) character file.

Game seed: 10383011696675116148

28 cheesebisquit the Shooter (level 3, 30/30 HPs)
             Began as a Minotaur Hunter on Jan 29, 2023.
             Quit the game on level 2 of the Dungeon.
             The game lasted 00:02:23 (1113 turns).

cheesebisquit the Shooter (Minotaur Hunter)         Turns: 1113, Time: 00:02:24

Health: 30/30      AC:  4    Str: 17    XL:     3   Next: 0%
Magic:  2/2        EV: 12    Int:  6    God:
Gold:   74         SH:  0    Dex: 13    Spells: 2/2 levels left

rFire   . . .      SeeInvis .   a - +0 shortbow
rCold   . . .      Faith    .   (shield currently unavailable)
rNeg    . . .      Spirit   .   c - +0 leather armour
rPois   .          Reflect  .   (helmet restricted)
rElec   .          Harm     .   (no cloak)
rCorr   .          Rampage  .   (no gloves)
Will    .....                   i - +0 pair of boots
Stlth   +.........              (no amulet)
HPRegen 0.10/turn               (no ring)
MPRegen 0.08/turn               (no ring)

@: no status effects
A: horns 2, retaliatory headbutt
a: no special abilities


You were on level 2 of the Dungeon.
You visited 1 branch of the dungeon, and saw 2 of its levels.

You collected 74 gold pieces.

Inventory:

Hand Weapons
 a - a +0 shortbow (weapon)
Armour
 c - a +0 leather armour (worn)
 i - a +0 pair of boots (worn)
Scrolls
 b - a scroll of immolation
 d - a scroll of fear {unknown}
 e - a scroll of noise {unknown}
 f - a scroll of butterflies {unknown}
 j - a scroll of teleportation {unknown}
 k - 3 scrolls of identify {unknown}
Potions
 g - 2 potions of heal wounds
 h - a potion of might {unknown}
 l - a potion of mutation {unknown}


   Skills:
 - Level 2.4 Fighting
 * Level 5.5 Ranged Weapons
 - Level 2.1 Dodging
 - Level 0.7 Stealth


You had 2 spell levels left.
You didn't know any spells.
Your spell library contained the following spells:

 Spells                   Type           Power      Damage    Failure   Level
 Conjure Flame            Conj/Fire      0%         6-21      88%         3
 Ignite Poison            Fire/Tmut/Pois 0%         N/A       88%         3
 Sticky Flame             Conj/Fire      0%         2d3       99%         4


Dungeon Overview and Level Annotations

Branches:
Dungeon (2/15)

Altars:


Innate Abilities, Weirdness & Mutations

You have a pair of horns on your head.
You reflexively headbutt those who attack you in melee.


Message History

The endoplasm freezes you.
You are frozen.
Fire: a) +0 shortbow
Press: ? - help, Q - select action Shift-Dir - straight line, f - endoplasm
Aim: an endoplasm (86% to hit)
You shoot an arrow. The arrow hits the endoplasm.
The endoplasm is heavily wounded.
The endoplasm freezes you.
You are frozen.
Fire: a) +0 shortbow
Press: ? - help, Q - select action Shift-Dir - straight line, f/p - endoplasm
Aim: an endoplasm (heavily wounded, 86% to hit)
You shoot an arrow. The arrow hits the endoplasm.
You kill the endoplasm!
HP restored.
Done exploring.
Done exploring.
You climb downwards.
There is a stone staircase leading up here.
Found an escape hatch in the ceiling.
There is an escape hatch in the floor here.
You now have 74 gold pieces (gained 3).
A kobold comes into view. It is wielding a +0 club.
You shoot an arrow. The arrow hits the kobold.
The kobold shouts!
The kobold is moderately wounded.
You shoot an arrow.
The arrow hits the kobold but does no damage.
The kobold is moderately wounded.
You shoot an arrow.
The arrow hits the kobold but does no damage.
The kobold is moderately wounded.
A kobold comes into view. It is wielding a +0 whip.
You shoot an arrow. The arrow hits the kobold.
You kill the kobold!
You have reached level 3!
Your experience leads to an increase in your attributes!
Increase (S)trength, (I)ntelligence, or (D)exterity?
You feel stronger. x2
Are you sure you want to abandon this character and quit the game? (Confirm with "yes".)

#.###.##...##
<........<..####
#..............
######..>..#.###.
#......#.#.#...
#........#.# ###
# #......#.#..
#.##......######
#..@#######
###..# ...)#
......# ...!.#...
......#..K.
.......# ....
........# #+##


You could see a kobold.

Vanquished Creatures
  2 ball pythons (D:1)
  4 endoplasms (D:1)
  2 giant cockroaches (D:1)
  3 goblins (D:1)
  3 hobgoblins (D:1)
  4 bats
  4 kobolds
  3 rats (D:1)
25 creatures vanquished.

Notes
Turn   | Place    | Note
-------+----------+-------------------------------------------
     0 | D:1      | cheesebisquit the Minotaur Hunter began the quest for the
                  | Orb.
     0 | D:1      | Reached XP level 1. HP: 18/18 MP: 0/0
    83 | D:1      | Reached XP level 2. HP: 25/25 MP: 1/1
    88 | D:1      | Reached skill level 5 in Ranged Weapons
   700 | D:1      | Found a faded altar of an unknown god.
  1113 | D:2      | Reached XP level 3. HP: 30/30 MP: 2/2
  1113 | D:2      | Quit the game

Illustrated notes

Levels and vault maps discovered:
D:1:      dpeg_arrival_three_same_balls, layout_basic,
          chequers_ecumenical_altar_grove, hangedman_abyss_or_decor_lesser_grid,
          chequers_serial_rivers_micro_d, st_stairs_4
D:2:      minmay_angry_zag, layout_basic

Skill      XL: |  1  2 |
---------------+-------+-----
Ranged Weapons | 5 |  5.5
Fighting       | |  2.4
Dodging        | |  2.1
Stealth        | |  0.7

Action                   || total
-------------------------++-------
 Fire: Shortbow          ||    51
  Use: Potion            ||     1
Armor: Leather armour    ||     8
Dodge: Dodged            ||    18
